 Dungeon Crawl Stone Soup version 0.27-a0-1378-gdefffd1ff6 (webtiles) character file.

Game seed: 904888206614745348

211 snetch the Magician (level 6, 0/40 HPs)
             Began as a Djinni Fire Elementalist on June 29, 2021.
             Was a Believer of Uskayaw.
             Slain by an orc wizard (3 damage)
             ... on level 4 of the Dungeon.
             The game lasted 00:10:22 (2997 turns).

snetch the Magician (Djinni Fire Elementalist)      Turns: 2997, Time: 00:10:23

Health: 0/40       AC:  6    Str:  7    XL:     6   Next: 13%
Gold:   62         EV:  9    Int: 25    God:    Uskayaw [**....] SH:  0 Dex: 13

rFire    + + .     SeeInvis .   c - +0 short sword
rCold    x . .     Faith    .   d - +0 buckler
rNeg     + . .     Spirit   .   n - +1 ring mail {rN+}
rPois    ∞         Reflect  .   (no helmet)
rElec    .         Harm     .   (no cloak)
rCorr    .         Rampage  .   (no gloves)
Will     .....                  (boots unavailable)
Stlth    ..........             (no amulet)
HPRegen  0.13/turn              i - +6 ring of intelligence
MPRegen  0.00/turn              (no ring)

@: confused, flying
A: sickness immunity, fire resistance 2, cold vulnerability 1, float, innate
caster, hp casting, extra vitality 1
a: Renounce Religion, Stomp, Line Pass


You were on level 4 of the Dungeon.
You worshipped Uskayaw.
Uskayaw was noncommittal.
You visited 1 branch of the dungeon, and saw 4 of its levels.

You collected 62 gold pieces.

Inventory:

Hand Weapons
 c - a +0 short sword (weapon)
 m - a +1 dagger of venom
Missiles
 e - 176 stones
 j - 29 arrows
 o - 17 bolts
 q - 23 sling bullets
Armour
 a - a +0 robe
 d - a +0 buckler (worn)
 k - a +0 scale mail
 n - a +1 ring mail of positive energy (worn)
 p - a +0 helmet
Jewellery
 i - a +6 ring of intelligence (left hand)
Scrolls
 f - a scroll of magic mapping {unknown}
 g - a scroll of teleportation {unknown}
 h - a scroll of amnesia {unknown}
 l - 5 scrolls of identify {unknown}
Potions
 b - 4 potions of curing {unknown}


   Skills:
 + Level 2.6 Dodging
 + Level 2.9 Stealth
 + Level 4.3 Spellcasting


You couldn't memorise any spells.
You knew the following spells:

 Your Spells              Type           Power      Damage    Failure   Level
a - Foxfire               Conj/Fire      100%       2x1d9     9%          1
b - Conjure Flame         Conj/Fire      26%        6-21      26%         3
c - Inner Flame           Hex/Fire       26%        N/A       26%         3
d - Sticky Flame          Conj/Fire      26%        2d5       65%         4
e - Fireball              Conj/Fire      13%        3d7       94%         5
f - Animate Skeleton      Necr           52%        N/A       9%          1
g - Slow                  Hex            26%        N/A       14%         2
Your spell library was empty.

Dungeon Overview and Level Annotations

Branches:
Dungeon (4/15)
 Temple: D:4-7

Altars:
Uskayaw

Shops:
D:2 :

Annotations:
D:3 Sigmund


Innate Abilities, Weirdness & Mutations

You are immune to sickness and miasma.
You are immune to poison.
Your flesh is very heat resistant. (rF++)
You are vulnerable to cold. (rC-)
You float through the air rather than walking.
You learn spells naturally, not from books.
Your magical power is your life essence.
You have superior vitality. (+4 HP)


Message History

You have reached level 6!
Your experience leads to an increase in your attributes!
Your base attributes are Str 7, Int 18, Dex 13.
Increase (S)trength, (I)ntelligence, or (D)exterity?
You feel clever.
The orc hits your goblin skeleton with a +0 dagger of venom.
You hit the jackal.
You kill the orc!
You kill the jackal! x2
The orc is no longer sharing its pain.
Unknown command.
Are you sure you want to stumble around while confused and next to your goblin skeleton?
Okay, then.
Unknown command.
What are your orders? t - Shout!
Anything else - Cancel.
Okay, then.
The orc hits your goblin skeleton with a +0 dagger of venom.
Your goblin skeleton is destroyed!
Something hits you.
* * * LOW HITPOINT WARNING * * *
Deactivating autopickup; reactivate with Ctrl-A.
Unknown command.
You miss something.
You feel less confused. You block something's attack.
The orc hits you but does no damage.
Unknown command.
Something hits you but does no damage.
Unknown command.
You hear some strange, mumbled words.
You are confused.
Unknown command.
Unknown command.
The orc barely misses you. Something hits you.
* * * LOW HITPOINT WARNING * * *
Unknown command.
Unknown command.
Unknown command.
You're too confused to move!
The orc hits you but does no damage. Something hits you.
You die...

....#...).)...#
##.......))..#######
#...........####...
#..#..............# ##
$.###........##...# ..#..
.........##.####.##......
........#<.###..<)......
..........)..).†)##..!..
........@...).....# ..#
.........o.).#.......# #
.........##.####...###
.......####... #.###
.###... #...##.. #..#.
###.....# #.### .....# #.
..#.. . ##..


You could see an orc.

Vanquished Creatures
  An iguana (D:3)
  3 orc wizards
  Robin (D:4)
  3 adders
  3 orcs
  6 ball pythons
  6 endoplasms
  3 giant cockroaches
  15 goblins
  10 hobgoblins
  3 jackals (D:4)
  A quokka (D:1)
  2 bats (D:1)
  A frilled lizard (D:1)
  5 kobolds
63 creatures vanquished.

Vanquished Creatures (collateral kills)
  2 orcs (D:4)
  A giant cockroach (D:1)
  A jackal (D:4)
4 creatures vanquished.

Vanquished Creatures (others)
  184 foxfires
184 creatures vanquished.

Grand Total: 251 creatures vanquished

Notes
Turn   | Place    | Note
-------+----------+-------------------------------------------
     0 | D:1      | snetch the Djinni Fire Elementalist began the quest for the
                  | Orb.
     0 | D:1      | Reached XP level 1. HP: 15/15 MP: 0/0
   437 | D:1      | Reached XP level 2. HP: 16/21 MP: 0/0
   569 | D:2      | Reached skill level 3 in Spellcasting
   569 | D:2      | Reached XP level 3. HP: 11/25 MP: 0/0
   569 | D:2      | Learned a level 1 spell: Animate Skeleton
  1651 | D:2      | Reached XP level 4. HP: 26/31 MP: 0/0
  2034 | D:2      | Found Utixiuli's Book Boutique.
  2573 | D:3      | Noticed Sigmund
  2740 | D:3      | Found a faded altar of an unknown god.
  2747 | D:3      | Reached skill level 4 in Spellcasting
  2747 | D:3      | Reached XP level 5. HP: 23/35 MP: 0/0
  2747 | D:3      | Learned a level 2 spell: Slow
  2753 | D:3      | Became a worshipper of Uskayaw the Reveller
  2753 | D:3      | Reached * piety under Uskayaw
  2910 | D:4      | Noticed Robin
  2913 | D:4      | Reached ** piety under Uskayaw
  2917 | D:4      | Reached *** piety under Uskayaw
  2918 | D:4      | Killed Robin
  2921 | D:4      | Reached **** piety under Uskayaw
  2986 | D:4      | Reached XP level 6. HP: 3/40 MP: 0/0
  2997 | D:4      | Slain by an orc wizard

Illustrated notes

Levels and vault maps discovered:
D:1:      dpeg_arrival_three_bigger_balls, layout_loops_ring
D:2:      layout_basic, serial_shops, shop
D:3:      layout_basic, shapermc_ecumenical_altar_starsandcircs,
          corexii_leaking_fountain, uniq_crazy_yiuf_cottage, uniq_jessica,
          uniq_ijyb, uniq_sigmund
D:4:      corexii_shack_village, layout_cave_pools,
          chequers_temple_overflow_statue_of_worship, uniq_robin,
          uniq_blork_the_orc

Skill      XL: |  1  2  3  4  5 |
---------------+----------------+-----
Spellcasting   | 3 4 |  4.3
Stealth        | 2 |  2.9
Dodging        | |  2.6

Action                   |  1- 3 |  4- 6 || total
-------------------------+-------+-------++-------
Melee: Short sword       |       |     2 ||     2
 Cast: Foxfire           |    53 |    59 ||   112
       Animate Skeleton  |     9 |     4 ||    13
Armor: Robe              |     1 |       ||     1
       Ring mail         |       |     3 ||     3
Dodge: Dodged            |     6 |     6 ||    12
Block: Buckler           |       |     2 ||     2

Table legend: (Time is in decaauts)
 A = Elapsed time spent in this place.
 B = Non-inter-level travel time spent in this place.
 C = Inter-level travel time spent in this place.
 D = Time resting spent in this place.
 E = Time spent auto-exploring this place.
 F = Levels seen in this place.
 G = Mean time per level.
                   A        B        C        D        E       F      G
               +--------+--------+--------+--------+--------+-----+--------+
         Total |   3002 |   2817 |    185 |      0 |   2179 |   4 |  750.5 |
       Dungeon |   3002 |   2817 |    185 |      0 |   2179 |   4 |  750.5 |
               +--------+--------+--------+--------+--------+-----+--------+

Top non-repeatable levels by time:
     D:1: 1450 daAuts
     D:2: 1109 daAuts
     D:3: 351 daAuts
     D:4: 92 daAuts
